San Jose Sharks vs St.Louis Blues
Created - Wednesday, November 26, 2025 at 09:52
Goals
|
| San Jose Sharks |
1 |
3 |
0 |
4 |
| St.Louis Blues |
1 |
0 |
2 |
3 |
|
Shots
|
| San Jose Sharks |
11 |
14 |
13 |
38 |
| St.Louis Blues |
5 |
7 |
20 |
32 |
|
1st period
1. St.Louis Blues , Brayden Point 1 (Robert Thomas 1, Jack Eichel 3) at 4:12 (PP)
2. San Jose Sharks , Alexander Wennberg 1 (Carter Verhaeghe 1, Kevin Fiala 1) at 11:53
Penalties :
Mattias Samuelsson (SJS) for Roughing (Minor) at 3:54, Jake Guentzel (STL) for High sticking (Minor) at 7:37
2nd period
3. San Jose Sharks , Ilya Mikheyev 1 (Andre Burakovsky 1, Max Domi 1) at 1:41 (PP)
4. San Jose Sharks , Alexander Wennberg 2 (Carter Verhaeghe 2, Josh Manson 1) at 6:25
5. San Jose Sharks , Max Domi 1 (Connor Murphy 1) at 6:37
Penalties :
Vincent Trocheck (STL) for Interference (Minor) at 1:27, Carter Verhaeghe (SJS) for Boarding (Minor) at 7:01, Isac Lundestrom (STL) for Interference (Minor) at 13:05, Adam Pelech (STL) for Tripping (Minor) at 19:38
3rd period
6. St.Louis Blues , Logan O'Connor 1 (Isac Lundestrom 1, Colton Parayko 2) at 1:46
7. St.Louis Blues , Brandon Hagel 2 (Jack Eichel 4, Alex Tuch 1) at 6:51
Penalties :
Carter Verhaeghe (SJS) for Slashing (Minor) at 19:39
Goalie Stats
Jakub Dobes (SJS), 29 saves from 32 shots - (0.906), W, 1-1-0, 60:00 minutes
Connor Hellebuyck (STL), 34 saves from 38 shots - (0.895), L, 1-1-0, 59:04 minutes
Players Stats for San Jose Sharks
Player Name G A P +/- PIM S H SB GA TA FO MP PP MP PK MP
------------------------------------------------------------------------------------
Alexander Wennberg 2 0 2 1 0 4 2 1 0 0 13/20 18:22 2:56 0:56
Andre Burakovsky 0 1 1 1 0 0 2 1 1 0 0/0 16:52 3:05 0:00
Anthony Beauvillier 0 0 0 0 0 2 2 0 0 0 1/1 14:02 0:00 1:32
Brandon Tanev 0 0 0 -1 0 7 1 0 0 0 0/1 11:04 0:10 0:00
Carter Verhaeghe 0 2 2 1 4 4 0 1 3 0 2/4 18:38 2:56 0:18
Casey Cizikas 0 0 0 -1 0 2 1 0 0 0 3/8 10:30 0:10 0:47
Connor Murphy 0 1 1 1 0 0 2 1 2 1 0/0 26:02 3:06 1:29
Ilya Mikheyev 1 0 1 0 0 3 3 0 0 0 1/4 14:17 3:15 0:10
Jon Merrill 0 0 0 1 0 0 0 0 0 0 0/0 15:10 0:00 0:00
Josh Manson 0 1 1 -1 0 0 1 1 0 1 0/0 19:07 3:05 1:29
Justin Barron 0 0 0 0 0 0 0 4 0 0 0/0 18:48 3:06 1:08
Kevin Fiala 0 1 1 1 0 5 0 1 3 0 0/4 19:51 2:56 1:31
Marcus Pettersson 0 0 0 1 0 0 1 1 0 0 0/0 25:50 3:05 1:08
Mark Jankowski 0 0 0 -1 0 0 0 0 0 0 0/0 9:19 0:00 0:00
Mattias Samuelsson 0 0 0 0 2 2 2 0 0 0 0/0 15:02 0:00 0:00
Max Domi 1 1 2 1 0 4 0 0 0 0 1/1 17:00 3:05 0:00
Morgan Geekie 0 0 0 0 0 5 2 1 1 0 4/9 12:30 0:00 0:00
Travis Boyd 0 0 0 1 0 0 0 0 0 0 13/18 14:56 0:00 0:00
Players Stats for St.Louis Blues
Player Name G A P +/- PIM S H SB GA TA FO MP PP MP PK MP
------------------------------------------------------------------------------------
Adam Pelech 0 0 0 0 2 1 1 0 0 1 0/0 10:45 0:00 0:00
Alex Tuch 0 1 1 -1 0 1 2 1 0 0 0/1 17:02 1:01 0:00
Brandon Hagel 1 0 1 -1 0 2 2 0 0 0 0/3 17:02 1:01 0:00
Brayden Point 1 0 1 0 0 6 0 0 0 1 1/1 18:34 1:36 0:00
Colton Parayko 0 1 1 -1 0 3 0 1 0 0 0/0 24:27 0:00 3:07
Connor Clifton 0 0 0 0 0 0 4 0 0 1 0/0 13:18 0:00 3:04
Elias Pettersson 0 0 0 -1 0 3 1 1 0 0 0/0 13:15 0:00 0:47
Isac Lundestrom 0 1 1 1 2 2 1 1 0 0 3/4 6:49 0:00 1:53
Jaccob Slavin 0 0 0 1 0 1 1 1 0 1 0/0 22:02 0:00 3:04
Jack Eichel 0 2 2 -1 0 4 1 1 0 1 7/21 19:53 1:41 1:08
Jake Guentzel 0 0 0 0 2 1 2 0 0 0 0/1 19:35 1:36 0:00
Jake Sanderson 0 0 0 -1 0 1 1 2 0 0 0/0 26:25 1:41 3:07
Joona Koppanen 0 0 0 0 0 0 0 0 1 0 1/1 7:30 0:00 2:56
Logan O'Connor 1 0 1 1 0 2 0 1 0 0 0/1 7:40 0:00 2:49
Mark Stone 0 0 0 -1 0 0 1 0 1 0 1/2 13:18 0:56 0:00
Mikhail Sergachev 0 0 0 0 0 0 2 2 0 0 0/0 20:28 0:56 0:00
Robert Thomas 0 1 1 0 0 1 1 2 0 3 8/22 19:28 1:36 0:00
Vincent Trocheck 0 0 0 -1 2 4 2 0 0 2 11/13 16:14 1:01 2:49
3 Stars
1 - Alexander Wennberg (SJS)
2 - Max Domi (SJS)
3 - Ilya Mikheyev (SJS)
Power Play
San Jose Sharks - 1 on 4 Attempt(s) - 25.00%
St.Louis Blues - 1 on 3 Attempt(s) - 33.33%
Penalty Kill
San Jose Sharks - 2 on 3 Attempt(s) - 66.67%
- Score 0 goal in Penalty Kill
St.Louis Blues - 3 on 4 Attempt(s) - 75.00%
- Score 0 goal in Penalty Kill
Team Stat
San Jose Sharks - Hits : 19 - Faceoff Wins : 38 - Blocked Shots : 12 - Penalty Minutes : 6
St.Louis Blues - Hits : 22 - Faceoff Wins : 32 - Blocked Shots : 13 - Penalty Minutes : 8
Official
Referees : Francis Charron and Carter Sandlak
Linesman : Ryan Gibbons and Justin Johnson
Game Notes
16:05 of 3rd period - San Jose Sharks goal is going for a video replay. After video review, No Goal. The attacking player has interfered with a goalkeeper in his goal crease.
Finance
Level 1 -- Attendance: 6000 (100.00%) -- Ticket Income $570,000
Level 2 -- Attendance: 4607 (92.14%) -- Ticket Income $262,599
Level 3 -- Attendance: 3000 (100.00%) -- Ticket Income $99,000
Level 4 -- Attendance: 4448 (88.96%) -- Ticket Income $102,304
Luxury Box -- Attendance: 911 (91.10%) -- Ticket Income $176,734
Game was played at the Scottrade Center.
Total Attendance: 18966 (94.83%)
Total Ticket Income: $1,210,637
Other Income: $423,723
Total Income: $1,634,360
San Jose Sharks
5 vs 5 Forward
Center Left Wing Right Wing Time % Phy DF OF
1 Alexander Wennberg Kevin Fiala Carter Verhaeghe 30 1 2 2
2 Travis Boyd Max Domi Andre Burakovsky 30 1 2 2
3 Morgan Geekie Anthony Beauvillier Ilya Mikheyev 25 1 2 2
4 Casey Cizikas Brandon Tanev Mark Jankowski 15 1 2 2
5 vs 5 Defense
Defense Defense Time % Phy DF OF
1 Mattias Samuelsson Connor Murphy 30 1 2 2
2 Jon Merrill Marcus Pettersson 30 1 2 2
3 Josh Manson Justin Barron 25 1 2 2
4 Marcus Pettersson Connor Murphy 15 1 2 2
PowerPlay Forward
Center Left Wing Right Wing Time % Phy DF OF
1 Alexander Wennberg Kevin Fiala Carter Verhaeghe 50 1 2 2
2 Ilya Mikheyev Max Domi Andre Burakovsky 50 1 2 2
PowerPlay Defense
Defense Defense Time % Phy DF OF
1 Justin Barron Connor Murphy 50 1 2 2
2 Josh Manson Marcus Pettersson 50 1 2 2
Penalty Kill 4 Players Forward
Center Wing Time % Phy DF OF
1 Kevin Fiala Carter Verhaeghe 50 1 2 2
2 Alexander Wennberg Anthony Beauvillier 50 1 2 2
Penalty Kill 4 Players Defense
Defense Defense Time % Phy DF OF
1 Josh Manson Connor Murphy 50 1 2 2
2 Justin Barron Marcus Pettersson 50 1 2 2
Penalty Kill - 3 Players Forward
Forward Time % Phy DF OF
1 Kevin Fiala 50 1 2 2
2 Carter Verhaeghe 50 1 2 2
Penalty Kill - 3 Players Defense
Defense Defense Time % Phy DF OF
1 Josh Manson Connor Murphy 50 1 2 2
2 Justin Barron Marcus Pettersson 50 1 2 2
4 vs 4 Forward
Center Wing Time % Phy DF OF
1 Alexander Wennberg Kevin Fiala 50 1 2 2
2 Max Domi Carter Verhaeghe 50 1 2 2
4 vs 4 Defense
Defense Defense Time % Phy DF OF
1 Justin Barron Connor Murphy 50 1 2 2
2 Josh Manson Marcus Pettersson 50 1 2 2
Last Minutes Offensive
Center Left Wing Right Wing Defense Defense
Carter Verhaeghe Kevin Fiala Travis Boyd Mattias Samuelsson Connor Murphy
Last Minutes Defensive
Center Left Wing Right Wing Defense Defense
Carter Verhaeghe Kevin Fiala Travis Boyd Mattias Samuelsson Connor Murphy
Goaltenders
Starting : Jakub Dobes
Backup : Jacob Markstrom
Extra Forwards
Normal : Ilya Mikheyev, Kevin Fiala, Anthony Beauvillier - PP : Ilya Mikheyev, Carter Verhaeghe - PK : Anthony Beauvillier
Extra Defensemen
Normal : Josh Manson, Justin Barron, Connor Murphy - PP : Josh Manson - PK : Justin Barron, Connor Murphy
Penalty Shots
Kevin Fiala, Carter Verhaeghe, Alexander Wennberg, Travis Boyd, Max Domi
Scratches
Adam Henrique (Healthy), Danton Heinen (Healthy), Jake McCabe (Healthy)
St.Louis Blues
5 vs 5 Forward
Center Left Wing Right Wing Time % Phy DF OF
1 Robert Thomas Jake Guentzel Brayden Point 35 0 2 3
2 Jack Eichel Brandon Hagel Alex Tuch 35 0 2 3
3 Vincent Trocheck Elias Pettersson Mark Stone 25 1 2 2
4 Isac Lundestrom Joona Koppanen Logan O'Connor 5 1 3 1
5 vs 5 Defense
Defense Defense Time % Phy DF OF
1 Jake Sanderson Colton Parayko 45 0 3 2
2 Mikhail Sergachev Jaccob Slavin 35 0 3 2
3 Adam Pelech Connor Clifton 20 1 2 2
4 Jake Sanderson Colton Parayko 0 0 3 2
PowerPlay Forward
Center Left Wing Right Wing Time % Phy DF OF
1 Robert Thomas Jake Guentzel Brayden Point 60 0 0 5
2 Vincent Trocheck Brandon Hagel Alex Tuch 40 1 0 4
PowerPlay Defense
Defense Defense Time % Phy DF OF
1 Jack Eichel Jake Sanderson 60 0 0 5
2 Mark Stone Mikhail Sergachev 40 0 1 4
Penalty Kill 4 Players Forward
Center Wing Time % Phy DF OF
1 Vincent Trocheck Joona Koppanen 50 1 2 2
2 Isac Lundestrom Logan O'Connor 50 1 2 2
Penalty Kill 4 Players Defense
Defense Defense Time % Phy DF OF
1 Jaccob Slavin Connor Clifton 50 2 3 0
2 Jake Sanderson Colton Parayko 50 2 3 0
Penalty Kill - 3 Players Forward
Forward Time % Phy DF OF
1 Vincent Trocheck 50 0 5 0
2 Isac Lundestrom 50 0 5 0
Penalty Kill - 3 Players Defense
Defense Defense Time % Phy DF OF
1 Jaccob Slavin Connor Clifton 50 0 5 0
2 Jake Sanderson Colton Parayko 50 0 5 0
4 vs 4 Forward
Center Wing Time % Phy DF OF
1 Jack Eichel Brayden Point 50 0 2 3
2 Robert Thomas Jake Guentzel 50 0 2 3
4 vs 4 Defense
Defense Defense Time % Phy DF OF
1 Jake Sanderson Mikhail Sergachev 50 0 3 2
2 Colton Parayko Jaccob Slavin 50 0 3 2
Last Minutes Offensive
Center Left Wing Right Wing Defense Defense
Robert Thomas Jack Eichel Jake Guentzel Brayden Point Mikhail Sergachev
Last Minutes Defensive
Center Left Wing Right Wing Defense Defense
Vincent Trocheck Isac Lundestrom Logan O'Connor Jake Sanderson Jaccob Slavin
Goaltenders
Starting : Connor Hellebuyck
Backup : Scott Wedgewood
Extra Forwards
Normal : Brandon Hagel, Jake Guentzel, Alex Tuch - PP : Vincent Trocheck, Brayden Point - PK : Jack Eichel
Extra Defensemen
Normal : Jake Sanderson, Mikhail Sergachev, Colton Parayko - PP : Jake Sanderson - PK : Jaccob Slavin, Jake Sanderson
Penalty Shots
Vincent Trocheck, Jack Eichel, Brayden Point, Jake Guentzel, Brandon Hagel
Scratches
Artem Zub (Healthy), Luke Glendening (Healthy), Yanni Gourde (Healthy)
% Time on Ice - San Jose Sharks
Lines # - Real PCT - Wanted PCT - Time Play
Normal Forward
1 - 29% - 30% - 14:32
2 - 28% - 30% - 13:57
3 - 25% - 25% - 12:30
4 - 19% - 15% - 9:19
Normal Defense
1 - 30% - 30% - 15:20
2 - 29% - 30% - 14:36
3 - 28% - 25% - 14:15
4 - 12% - 15% - 6:07
PP Forward
1 - 47% - 50% - 2:56
2 - 53% - 50% - 3:15
PP Defense
1 - 50% - 50% - 3:06
2 - 50% - 50% - 3:05
PK Forward
1 - 64% - 50% - 1:41
2 - 36% - 50% - 0:56
PK Defense
1 - 57% - 50% - 1:29
2 - 43% - 50% - 1:08
PK3 Forward
1 - 0% - 50%
2 - 0% - 50%
PK3 Defense
1 - 0% - 50%
2 - 0% - 50%
44 Forward
1 - 0% - 50%
2 - 0% - 50%
44 Defense
1 - 0% - 50%
2 - 0% - 50%
Last Minute Offensive - 0:00
Last Minute Defensive - 0:54
Total
Forward - 60:00
Defense - 60:00
|
% Time on Ice - St.Louis Blues
Lines # - Real PCT - Wanted PCT - Time Play
Normal Forward
1 - 34% - 35% - 16:58
2 - 33% - 35% - 16:24
3 - 25% - 25% - 12:22
4 - 9% - 5% - 4:34
Normal Defense
1 - 43% - 45% - 21:33
2 - 38% - 35% - 19:02
3 - 19% - 20% - 9:43
4 - 0% - 0% - 0:00
PP Forward
1 - 61% - 60% - 1:36
2 - 39% - 40% - 1:01
PP Defense
1 - 64% - 60% - 1:41
2 - 36% - 40% - 0:56
PK Forward
1 - 50% - 50% - 3:05
2 - 50% - 50% - 3:06
PK Defense
1 - 50% - 50% - 3:04
2 - 50% - 50% - 3:07
PK3 Forward
1 - 0% - 50%
2 - 0% - 50%
PK3 Defense
1 - 0% - 50%
2 - 0% - 50%
44 Forward
1 - 0% - 50%
2 - 0% - 50%
44 Defense
1 - 0% - 50%
2 - 0% - 50%
Last Minute Offensive - 0:54
Last Minute Defensive - 0:00
Total
Forward - 60:00
Defense - 60:00
|
Play-by-Play
1st period
0:01 of 1st period - Alexander Wennberg wins face-off versus Robert Thomas in neutral zone.
0:28 of 1st period - Jake Sanderson is hit by Connor Murphy and loses puck.
0:46 of 1st period - Icing by Mattias Samuelsson.
0:47 of 1st period - Vincent Trocheck wins face-off versus Travis Boyd in San Jose Sharks zone.
0:54 of 1st period - Snap shot by Vincent Trocheck.
0:54 of 1st period - Shot Misses the Net.
1:42 of 1st period - Wrist shot by Morgan Geekie.
1:42 of 1st period - Shot Misses the Net.
1:46 of 1st period - Slapshot by Morgan Geekie.
1:46 of 1st period - Stopped by Connor Hellebuyck without a rebound.
1:47 of 1st period - Joona Koppanen wins face-off versus Casey Cizikas in St.Louis Blues zone.
2:02 of 1st period - Snap shot by Brandon Tanev.
2:02 of 1st period - Stopped by Connor Hellebuyck with a rebound.
2:45 of 1st period - Slapshot by Jack Eichel.
2:45 of 1st period - Stopped by Jakub Dobes without a rebound.
2:46 of 1st period - Vincent Trocheck wins face-off versus Alexander Wennberg in San Jose Sharks zone.
2:47 of 1st period - Slapshot by Elias Pettersson.
2:47 of 1st period - Shot Blocked by Alexander Wennberg.
3:44 of 1st period - Brandon Hagel is hit by Casey Cizikas and loses puck.
3:54 of 1st period - Minor Penalty to Mattias Samuelsson for Roughing.
3:55 of 1st period - Robert Thomas wins face-off versus Kevin Fiala in San Jose Sharks zone.
4:00 of 1st period - Off-side.
4:01 of 1st period - Brayden Point wins face-off versus Kevin Fiala in neutral zone.
4:12 of 1st period - Snap shot by Brayden Point.
4:12 of 1st period - Goal by Brayden Point - San Jose Sharks : 0 - St.Louis Blues : 1.
4:13 of 1st period - Vincent Trocheck wins face-off versus Alexander Wennberg in neutral zone.
4:16 of 1st period - Wrist shot by Vincent Trocheck.
4:16 of 1st period - Shot Misses the Net.
4:28 of 1st period - Snap shot by Kevin Fiala.
4:28 of 1st period - Stopped by Connor Hellebuyck with a rebound.
4:30 of 1st period - Snap shot by Connor Murphy.
4:30 of 1st period - Shot Blocked by Elias Pettersson.
5:13 of 1st period - Wrist shot by Robert Thomas.
5:13 of 1st period - Deflect By Andre Burakovsky.
5:13 of 1st period - Shot Blocked by Justin Barron.
5:13 of 1st period - Puck is out of play.
5:14 of 1st period - Alexander Wennberg wins face-off versus Jack Eichel in San Jose Sharks zone.
5:31 of 1st period - Slapshot by Jack Eichel.
5:31 of 1st period - Stopped by Jakub Dobes with a rebound.
5:51 of 1st period - Snap shot by Brayden Point.
5:51 of 1st period - Stopped by Jakub Dobes with a rebound.
6:05 of 1st period - Snap shot by Casey Cizikas.
6:05 of 1st period - Deflect By Brandon Tanev.
6:05 of 1st period - Shot Misses the Net.
6:05 of 1st period - Puck is out of play.
6:06 of 1st period - Vincent Trocheck wins face-off versus Casey Cizikas in St.Louis Blues zone.
6:40 of 1st period - Off-side.
6:41 of 1st period - Travis Boyd wins face-off versus Robert Thomas in neutral zone.
6:50 of 1st period - Slapshot by Max Domi.
6:50 of 1st period - Shot Misses the Net.
7:06 of 1st period - Marcus Pettersson is hit by Jaccob Slavin and loses puck.
7:15 of 1st period - Snap shot by Jack Eichel.
7:15 of 1st period - Deflect By Alexander Wennberg.
7:15 of 1st period - Shot Blocked by Justin Barron.
7:15 of 1st period - Puck is out of play.
7:16 of 1st period - Morgan Geekie wins face-off versus Robert Thomas in San Jose Sharks zone.
7:37 of 1st period - Minor Penalty to Jake Guentzel for High sticking.
7:38 of 1st period - Vincent Trocheck wins face-off versus Alexander Wennberg in St.Louis Blues zone.
7:38 of 1st period - Vincent Trocheck is hit by Connor Murphy.
9:37 of 1st period - Penalty to Jake Guentzel is over, Jake Guentzel is back on ice.
9:52 of 1st period - Connor Murphy is hit by Jack Eichel and loses puck.
10:05 of 1st period - Brandon Tanev is hit by Mikhail Sergachev and loses puck.
10:14 of 1st period - Anthony Beauvillier is hit by Robert Thomas and loses puck.
11:04 of 1st period - Snap shot by Morgan Geekie.
11:04 of 1st period - Stopped by Connor Hellebuyck with a rebound.
11:06 of 1st period - Slapshot by Brandon Tanev.
11:06 of 1st period - Stopped by Connor Hellebuyck with a rebound.
11:28 of 1st period - Marcus Pettersson is hit by Mark Stone and loses puck.
11:38 of 1st period - Wrist shot by Morgan Geekie.
11:38 of 1st period - Deflect By Anthony Beauvillier.
11:38 of 1st period - Stopped by Connor Hellebuyck without a rebound.
11:39 of 1st period - Jack Eichel wins face-off versus Carter Verhaeghe in St.Louis Blues zone.
11:51 of 1st period - Snap shot by Carter Verhaeghe.
11:51 of 1st period - Shot Misses the Net.
11:53 of 1st period - Slapshot by Alexander Wennberg.
11:53 of 1st period - Goal by Alexander Wennberg - San Jose Sharks : 1 - St.Louis Blues : 1.
11:54 of 1st period - Travis Boyd wins face-off versus Jack Eichel in neutral zone.
11:57 of 1st period - Alex Tuch is hit by Mattias Samuelsson and loses puck.
13:00 of 1st period - Snap shot by Vincent Trocheck.
13:00 of 1st period - Shot Misses the Net.
13:24 of 1st period - Snap shot by Ilya Mikheyev.
13:24 of 1st period - Shot Blocked by Alex Tuch.
13:40 of 1st period - Mattias Samuelsson is hit by Connor Clifton and loses puck.
14:07 of 1st period - Snap shot by Logan O'Connor.
14:07 of 1st period - Stopped by Jakub Dobes with a rebound.
14:20 of 1st period - Off-side.
14:21 of 1st period - Vincent Trocheck wins face-off versus Casey Cizikas in neutral zone.
14:46 of 1st period - Wrist shot by Ilya Mikheyev.
14:46 of 1st period - Shot Misses the Net.
15:51 of 1st period - Wrist shot by Brandon Tanev.
15:51 of 1st period - Stopped by Connor Hellebuyck without a rebound.
15:52 of 1st period - Casey Cizikas wins face-off versus Jake Guentzel in St.Louis Blues zone.
15:53 of 1st period - Snap shot by Brandon Tanev.
15:53 of 1st period - Stopped by Connor Hellebuyck without a rebound.
15:54 of 1st period - Travis Boyd wins face-off versus Robert Thomas in St.Louis Blues zone.
16:57 of 1st period - Mark Stone is hit by Morgan Geekie and loses puck.
18:16 of 1st period - Snap shot by Morgan Geekie.
18:16 of 1st period - Stopped by Connor Hellebuyck with a rebound.
18:18 of 1st period - Wrist shot by Ilya Mikheyev.
18:18 of 1st period - Shot Misses the Net.
18:20 of 1st period - Slapshot by Ilya Mikheyev.
18:20 of 1st period - Shot Blocked by Robert Thomas.
18:22 of 1st period - Backhand shot by Mattias Samuelsson.
18:22 of 1st period - Shot Blocked by Mikhail Sergachev.
18:24 of 1st period - Snap shot by Anthony Beauvillier.
18:24 of 1st period - Shot Misses the Net.
19:00 of 1st period - Backhand shot by Max Domi.
19:00 of 1st period - Stopped by Connor Hellebuyck with a rebound.
19:02 of 1st period - Slapshot by Andre Burakovsky.
19:02 of 1st period - Shot Blocked by Isac Lundestrom.
19:04 of 1st period - Slapshot by Marcus Pettersson.
19:04 of 1st period - Shot Misses the Net.
19:20 of 1st period - Carter Verhaeghe is hit by Brandon Hagel and loses puck.
19:41 of 1st period - Alex Tuch is hit by Ilya Mikheyev and loses puck.
Goals for this period are 1 for San Jose Sharks vs 1 for St.Louis Blues.
Shots for this period are 11 for San Jose Sharks vs 5 for St.Louis Blues.
2nd period
0:01 of 2nd period - Alexander Wennberg wins face-off versus Robert Thomas in neutral zone.
0:17 of 2nd period - Snap shot by Kevin Fiala.
0:17 of 2nd period - Stopped by Connor Hellebuyck without a rebound.
0:18 of 2nd period - Travis Boyd wins face-off versus Jack Eichel in St.Louis Blues zone.
0:19 of 2nd period - Snap shot by Max Domi.
0:19 of 2nd period - Stopped by Connor Hellebuyck with a rebound.
0:25 of 2nd period - Brandon Hagel is hit by Andre Burakovsky and loses puck.
0:55 of 2nd period - Justin Barron is hit by Jake Guentzel and loses puck.
1:08 of 2nd period - Mikhail Sergachev is hit by Morgan Geekie and loses puck.
1:17 of 2nd period - Anthony Beauvillier is hit by Elias Pettersson.
1:27 of 2nd period - Minor Penalty to Vincent Trocheck for Interference.
1:28 of 2nd period - Isac Lundestrom wins face-off versus Ilya Mikheyev in St.Louis Blues zone.
1:39 of 2nd period - Wrist shot by Andre Burakovsky.
1:39 of 2nd period - Shot Misses the Net.
1:41 of 2nd period - Wrist shot by Ilya Mikheyev.
1:41 of 2nd period - Goal by Ilya Mikheyev - San Jose Sharks : 2 - St.Louis Blues : 1.
1:42 of 2nd period - Robert Thomas wins face-off versus Travis Boyd in neutral zone.
1:58 of 2nd period - Snap shot by Brayden Point.
1:58 of 2nd period - Stopped by Jakub Dobes with a rebound.
2:48 of 2nd period - Off-side.
2:49 of 2nd period - Alexander Wennberg wins face-off versus Alex Tuch in neutral zone.
2:54 of 2nd period - Snap shot by Alexander Wennberg.
2:54 of 2nd period - Shot Misses the Net.
2:56 of 2nd period - Slapshot by Alexander Wennberg.
2:56 of 2nd period - Shot Blocked by Jake Sanderson.
2:58 of 2nd period - Slapshot by Mattias Samuelsson.
2:58 of 2nd period - Deflect By Alex Tuch.
2:58 of 2nd period - Stopped by Connor Hellebuyck without a rebound.
2:59 of 2nd period - Jack Eichel wins face-off versus Alexander Wennberg in St.Louis Blues zone.
3:12 of 2nd period - Snap shot by Alexander Wennberg.
3:12 of 2nd period - Deflect By Kevin Fiala.
3:12 of 2nd period - Stopped by Connor Hellebuyck with a rebound.
3:14 of 2nd period - Snap shot by Alexander Wennberg.
3:14 of 2nd period - Stopped by Connor Hellebuyck without a rebound.
3:15 of 2nd period - Vincent Trocheck wins face-off versus Morgan Geekie in St.Louis Blues zone.
4:29 of 2nd period - Wrist shot by Brandon Tanev.
4:29 of 2nd period - Stopped by Connor Hellebuyck without a rebound.
4:30 of 2nd period - Alexander Wennberg wins face-off versus Jack Eichel in St.Louis Blues zone.
4:57 of 2nd period - Robert Thomas is hit by Anthony Beauvillier and loses puck.
5:17 of 2nd period - Connor Clifton is hit by Anthony Beauvillier and loses puck.
5:34 of 2nd period - Snap shot by Morgan Geekie.
5:34 of 2nd period - Shot Blocked by Robert Thomas.
5:36 of 2nd period - Snap shot by Anthony Beauvillier.
5:36 of 2nd period - Shot Misses the Net.
5:38 of 2nd period - Snap shot by Ilya Mikheyev.
5:38 of 2nd period - Stopped by Connor Hellebuyck without a rebound.
5:39 of 2nd period - Carter Verhaeghe wins face-off versus Jack Eichel in St.Louis Blues zone.
5:52 of 2nd period - Slapshot by Kevin Fiala.
5:52 of 2nd period - Stopped by Connor Hellebuyck without a rebound.
5:53 of 2nd period - Travis Boyd wins face-off versus Brandon Hagel in St.Louis Blues zone.
6:00 of 2nd period - Snap shot by Andre Burakovsky.
6:00 of 2nd period - Shot Blocked by Jack Eichel.
6:25 of 2nd period - Snap shot by Carter Verhaeghe.
6:25 of 2nd period - Deflect By Alexander Wennberg.
6:25 of 2nd period - Goal by Alexander Wennberg - San Jose Sharks : 3 - St.Louis Blues : 1.
6:26 of 2nd period - Max Domi wins face-off versus Jack Eichel in neutral zone.
6:37 of 2nd period - Snap shot by Max Domi.
6:37 of 2nd period - Goal by Max Domi - San Jose Sharks : 4 - St.Louis Blues : 1.
6:38 of 2nd period - Carter Verhaeghe wins face-off versus Jack Eichel in neutral zone.
7:01 of 2nd period - Minor Penalty to Carter Verhaeghe for Boarding.
7:02 of 2nd period - Alexander Wennberg wins face-off versus Robert Thomas in San Jose Sharks zone.
7:10 of 2nd period - Icing by Robert Thomas.
7:11 of 2nd period - Robert Thomas wins face-off versus Kevin Fiala in St.Louis Blues zone.
7:20 of 2nd period - Snap shot by Jake Sanderson.
7:20 of 2nd period - Shot Misses the Net.
7:22 of 2nd period - Slapshot by Robert Thomas.
7:22 of 2nd period - Shot Blocked by Justin Barron.
7:24 of 2nd period - Slapshot by Jack Eichel.
7:24 of 2nd period - Stopped by Jakub Dobes with a rebound.
7:26 of 2nd period - Wrist shot by Robert Thomas.
7:26 of 2nd period - Stopped by Jakub Dobes without a rebound.
7:27 of 2nd period - Anthony Beauvillier wins face-off versus Robert Thomas in San Jose Sharks zone.
8:09 of 2nd period - Casey Cizikas is hit by Vincent Trocheck and loses puck.
9:01 of 2nd period - Penalty to Carter Verhaeghe is over, Carter Verhaeghe is back on ice.
9:06 of 2nd period - Snap shot by Max Domi.
9:06 of 2nd period - Stopped by Connor Hellebuyck without a rebound.
9:07 of 2nd period - Travis Boyd wins face-off versus Isac Lundestrom in St.Louis Blues zone.
9:44 of 2nd period - Andre Burakovsky is hit by Adam Pelech and loses puck.
10:03 of 2nd period - Slapshot by Robert Thomas.
10:03 of 2nd period - Shot Misses the Net.
10:34 of 2nd period - Snap shot by Isac Lundestrom.
10:34 of 2nd period - Shot Misses the Net.
10:36 of 2nd period - Slapshot by Colton Parayko.
10:36 of 2nd period - Deflect By Joona Koppanen.
10:36 of 2nd period - Shot Misses the Net.
10:36 of 2nd period - Puck is out of play.
10:37 of 2nd period - Alexander Wennberg wins face-off versus Robert Thomas in San Jose Sharks zone.
11:39 of 2nd period - Backhand shot by Morgan Geekie.
11:39 of 2nd period - Shot Misses the Net.
11:41 of 2nd period - Wrist shot by Morgan Geekie.
11:41 of 2nd period - Shot Blocked by Mikhail Sergachev.
11:43 of 2nd period - Slapshot by Justin Barron.
11:43 of 2nd period - Deflect By Ilya Mikheyev.
11:43 of 2nd period - Shot Misses the Net.
11:43 of 2nd period - Puck is out of play.
11:44 of 2nd period - Alexander Wennberg wins face-off versus Robert Thomas in St.Louis Blues zone.
12:39 of 2nd period - Wrist shot by Andre Burakovsky.
12:39 of 2nd period - Shot Blocked by Colton Parayko.
12:41 of 2nd period - Slapshot by Marcus Pettersson.
12:41 of 2nd period - Shot Misses the Net.
12:59 of 2nd period - Snap shot by Morgan Geekie.
12:59 of 2nd period - Shot Misses the Net.
13:05 of 2nd period - Minor Penalty to Isac Lundestrom for Interference.
13:06 of 2nd period - Jack Eichel wins face-off versus Alexander Wennberg in St.Louis Blues zone.
13:06 of 2nd period - Jack Eichel is hit by Alexander Wennberg.
14:40 of 2nd period - Kevin Fiala is hit by Connor Clifton and loses puck.
15:05 of 2nd period - Penalty to Isac Lundestrom is over, Isac Lundestrom is back on ice.
15:19 of 2nd period - Jake Guentzel is hit by Mattias Samuelsson and loses puck.
15:26 of 2nd period - Brandon Tanev is hit by Connor Clifton and loses puck.
15:50 of 2nd period - Connor Murphy is hit by Isac Lundestrom and loses puck.
16:43 of 2nd period - Mark Jankowski is hit by Brandon Hagel and loses puck.
17:03 of 2nd period - Icing by Colton Parayko.
17:04 of 2nd period - Robert Thomas wins face-off versus Alexander Wennberg in St.Louis Blues zone.
17:14 of 2nd period - Icing by Robert Thomas.
17:15 of 2nd period - Robert Thomas wins face-off versus Travis Boyd in St.Louis Blues zone.
17:20 of 2nd period - Brayden Point is hit by Josh Manson and loses puck.
18:01 of 2nd period - Icing by Carter Verhaeghe.
18:02 of 2nd period - Alexander Wennberg wins face-off versus Jack Eichel in San Jose Sharks zone.
18:31 of 2nd period - Slapshot by Ilya Mikheyev.
18:31 of 2nd period - Stopped by Connor Hellebuyck without a rebound.
18:32 of 2nd period - Alexander Wennberg wins face-off versus Robert Thomas in St.Louis Blues zone.
18:35 of 2nd period - Snap shot by Carter Verhaeghe.
18:35 of 2nd period - Stopped by Connor Hellebuyck with a rebound.
18:41 of 2nd period - Wrist shot by Jake Guentzel.
18:41 of 2nd period - Shot Misses the Net.
18:43 of 2nd period - Snap shot by Jake Sanderson.
18:43 of 2nd period - Shot Misses the Net.
18:45 of 2nd period - Slapshot by Colton Parayko.
18:45 of 2nd period - Stopped by Jakub Dobes with a rebound.
18:47 of 2nd period - Slapshot by Colton Parayko.
18:47 of 2nd period - Shot Misses the Net.
18:49 of 2nd period - Slapshot by Colton Parayko.
18:49 of 2nd period - Stopped by Jakub Dobes with a rebound.
18:51 of 2nd period - Snap shot by Brayden Point.
18:51 of 2nd period - Shot Blocked by Kevin Fiala.
19:14 of 2nd period - Jaccob Slavin is hit by Alexander Wennberg.
19:20 of 2nd period - Carter Verhaeghe is hit by Mikhail Sergachev and loses puck.
19:27 of 2nd period - Wrist shot by Brayden Point.
19:27 of 2nd period - Stopped by Jakub Dobes with a rebound.
19:29 of 2nd period - Slapshot by Adam Pelech.
19:29 of 2nd period - Shot Blocked by Marcus Pettersson.
19:31 of 2nd period - Snap shot by Brayden Point.
19:31 of 2nd period - Stopped by Jakub Dobes without a rebound.
19:32 of 2nd period - Travis Boyd wins face-off versus Jack Eichel in San Jose Sharks zone.
19:38 of 2nd period - Minor Penalty to Adam Pelech for Tripping.
19:39 of 2nd period - Vincent Trocheck wins face-off versus Ilya Mikheyev in St.Louis Blues zone.
Goals for this period are 3 for San Jose Sharks vs 0 for St.Louis Blues.
Shots for this period are 14 for San Jose Sharks vs 7 for St.Louis Blues.
3rd period
0:01 of 3rd period - Vincent Trocheck wins face-off versus Carter Verhaeghe in neutral zone.
0:04 of 3rd period - Slapshot by Connor Clifton.
0:04 of 3rd period - Shot Misses the Net.
0:06 of 3rd period - Slapshot by Jaccob Slavin.
0:06 of 3rd period - Stopped by Jakub Dobes with a rebound.
0:10 of 3rd period - Wrist shot by Vincent Trocheck.
0:10 of 3rd period - Shot Blocked by Carter Verhaeghe.
0:12 of 3rd period - Slapshot by Jaccob Slavin.
0:12 of 3rd period - Shot Misses the Net.
0:14 of 3rd period - Wrist shot by Vincent Trocheck.
0:14 of 3rd period - Stopped by Jakub Dobes without a rebound.
0:15 of 3rd period - Ilya Mikheyev wins face-off versus Logan O'Connor in San Jose Sharks zone.
0:24 of 3rd period - Wrist shot by Ilya Mikheyev.
0:24 of 3rd period - Shot Misses the Net.
0:26 of 3rd period - Wrist shot by Max Domi.
0:26 of 3rd period - Shot Misses the Net.
0:28 of 3rd period - Slapshot by Josh Manson.
0:28 of 3rd period - Shot Misses the Net.
0:30 of 3rd period - Wrist shot by Marcus Pettersson.
0:30 of 3rd period - Shot Blocked by Logan O'Connor.
0:40 of 3rd period - Josh Manson is hit by Jake Sanderson and loses puck.
0:51 of 3rd period - Snap shot by Vincent Trocheck.
0:51 of 3rd period - Stopped by Jakub Dobes with a rebound.
1:03 of 3rd period - Jaccob Slavin is hit by Ilya Mikheyev and loses puck.
1:38 of 3rd period - Penalty to Adam Pelech is over, Adam Pelech is back on ice.
1:46 of 3rd period - Wrist shot by Logan O'Connor.
1:46 of 3rd period - Goal by Logan O'Connor - San Jose Sharks : 4 - St.Louis Blues : 2.
1:47 of 3rd period - Travis Boyd wins face-off versus Jack Eichel in neutral zone.
1:54 of 3rd period - Slapshot by Colton Parayko.
1:54 of 3rd period - Stopped by Jakub Dobes without a rebound.
1:55 of 3rd period - Travis Boyd wins face-off versus Brandon Hagel in San Jose Sharks zone.
2:31 of 3rd period - Icing by Connor Murphy.
2:32 of 3rd period - Travis Boyd wins face-off versus Robert Thomas in San Jose Sharks zone.
2:43 of 3rd period - Slapshot by Connor Murphy.
2:43 of 3rd period - Shot Misses the Net.
2:46 of 3rd period - Icing by Mikhail Sergachev.
2:47 of 3rd period - Morgan Geekie wins face-off versus Robert Thomas in St.Louis Blues zone.
3:48 of 3rd period - Wrist shot by Carter Verhaeghe.
3:48 of 3rd period - Stopped by Connor Hellebuyck with a rebound.
3:50 of 3rd period - Snap shot by Carter Verhaeghe.
3:50 of 3rd period - Stopped by Connor Hellebuyck with a rebound.
3:52 of 3rd period - Wrist shot by Alexander Wennberg.
3:52 of 3rd period - Stopped by Connor Hellebuyck without a rebound.
3:53 of 3rd period - Robert Thomas wins face-off versus Ilya Mikheyev in St.Louis Blues zone.
4:06 of 3rd period - Wrist shot by Brayden Point.
4:06 of 3rd period - Shot Misses the Net.
4:08 of 3rd period - Slapshot by Jake Guentzel.
4:08 of 3rd period - Stopped by Jakub Dobes with a rebound.
4:10 of 3rd period - Wrist shot by Colton Parayko.
4:10 of 3rd period - Shot Blocked by Morgan Geekie.
4:30 of 3rd period - Snap shot by Elias Pettersson.
4:30 of 3rd period - Stopped by Jakub Dobes with a rebound.
4:36 of 3rd period - Wrist shot by Morgan Geekie.
4:36 of 3rd period - Stopped by Connor Hellebuyck with a rebound.
4:38 of 3rd period - Slapshot by Mattias Samuelsson.
4:38 of 3rd period - Shot Misses the Net.
4:40 of 3rd period - Wrist shot by Mattias Samuelsson.
4:40 of 3rd period - Stopped by Connor Hellebuyck with a rebound.
4:50 of 3rd period - Snap shot by Morgan Geekie.
4:50 of 3rd period - Shot Misses the Net.
4:56 of 3rd period - Slapshot by Anthony Beauvillier.
4:56 of 3rd period - Stopped by Connor Hellebuyck without a rebound.
4:57 of 3rd period - Travis Boyd wins face-off versus Jack Eichel in St.Louis Blues zone.
4:58 of 3rd period - Wrist shot by Max Domi.
4:58 of 3rd period - Shot Misses the Net.
5:04 of 3rd period - Josh Manson is hit by Alex Tuch and loses puck.
5:51 of 3rd period - Slapshot by Kevin Fiala.
5:51 of 3rd period - Shot Misses the Net.
5:57 of 3rd period - Wrist shot by Carter Verhaeghe.
5:57 of 3rd period - Stopped by Connor Hellebuyck with a rebound.
6:07 of 3rd period - Snap shot by Brayden Point.
6:07 of 3rd period - Stopped by Jakub Dobes without a rebound.
6:08 of 3rd period - Mark Stone wins face-off versus Casey Cizikas in San Jose Sharks zone.
6:37 of 3rd period - Wrist shot by Casey Cizikas.
6:37 of 3rd period - Stopped by Connor Hellebuyck without a rebound.
6:38 of 3rd period - Jack Eichel wins face-off versus Alexander Wennberg in St.Louis Blues zone.
6:51 of 3rd period - Snap shot by Brandon Hagel.
6:51 of 3rd period - Goal by Brandon Hagel - San Jose Sharks : 4 - St.Louis Blues : 3.
6:52 of 3rd period - Travis Boyd wins face-off versus Jack Eichel in neutral zone.
6:55 of 3rd period - Jack Eichel is hit by Marcus Pettersson and loses puck.
7:41 of 3rd period - Backhand shot by Elias Pettersson.
7:41 of 3rd period - Stopped by Jakub Dobes with a rebound.
7:43 of 3rd period - Backhand shot by Vincent Trocheck.
7:43 of 3rd period - Stopped by Jakub Dobes without a rebound.
7:44 of 3rd period - Vincent Trocheck wins face-off versus Morgan Geekie in San Jose Sharks zone.
7:53 of 3rd period - Snap shot by Elias Pettersson.
7:53 of 3rd period - Stopped by Jakub Dobes with a rebound.
7:55 of 3rd period - Snap shot by Adam Pelech.
7:55 of 3rd period - Stopped by Jakub Dobes without a rebound.
7:56 of 3rd period - Jack Eichel wins face-off versus Travis Boyd in San Jose Sharks zone.
8:05 of 3rd period - Snap shot by Jack Eichel.
8:05 of 3rd period - Shot Misses the Net.
8:07 of 3rd period - Snap shot by Brandon Hagel.
8:07 of 3rd period - Shot Misses the Net.
8:09 of 3rd period - Snap shot by Jack Eichel.
8:09 of 3rd period - Shot Blocked by Andre Burakovsky.
8:11 of 3rd period - Snap shot by Alex Tuch.
8:11 of 3rd period - Stopped by Jakub Dobes with a rebound.
8:13 of 3rd period - Snap shot by Colton Parayko.
8:13 of 3rd period - Shot Blocked by Justin Barron.
8:20 of 3rd period - Icing by Justin Barron.
8:21 of 3rd period - Alexander Wennberg wins face-off versus Robert Thomas in San Jose Sharks zone.
8:38 of 3rd period - Wrist shot by Kevin Fiala.
8:38 of 3rd period - Stopped by Connor Hellebuyck with a rebound.
9:15 of 3rd period - Vincent Trocheck is hit by Ilya Mikheyev and loses puck.
9:26 of 3rd period - Snap shot by Brandon Tanev.
9:26 of 3rd period - Stopped by Connor Hellebuyck without a rebound.
9:27 of 3rd period - Casey Cizikas wins face-off versus Jack Eichel in St.Louis Blues zone.
9:42 of 3rd period - Wrist shot by Brandon Hagel.
9:42 of 3rd period - Shot Blocked by Connor Murphy.
10:08 of 3rd period - Andre Burakovsky is hit by Jake Guentzel.
10:46 of 3rd period - Snap shot by Brandon Hagel.
10:46 of 3rd period - Stopped by Jakub Dobes without a rebound.
10:47 of 3rd period - Travis Boyd wins face-off versus Jack Eichel in San Jose Sharks zone.
10:47 of 3rd period - Travis Boyd is hit by Alex Tuch.
11:11 of 3rd period - Jaccob Slavin is hit by Andre Burakovsky and loses puck.
11:24 of 3rd period - Snap shot by Brandon Hagel.
11:24 of 3rd period - Deflect By Jack Eichel.
11:24 of 3rd period - Shot Misses the Net.
11:24 of 3rd period - Puck is out of play.
11:25 of 3rd period - Robert Thomas wins face-off versus Morgan Geekie in San Jose Sharks zone.
11:50 of 3rd period - Brayden Point is hit by Brandon Tanev and loses puck.
11:57 of 3rd period - Wrist shot by Brandon Tanev.
11:57 of 3rd period - Shot Blocked by Jake Sanderson.
12:07 of 3rd period - Slapshot by Robert Thomas.
12:07 of 3rd period - Shot Misses the Net.
12:39 of 3rd period - Snap shot by Robert Thomas.
12:39 of 3rd period - Shot Misses the Net.
13:18 of 3rd period - Off-side.
13:19 of 3rd period - Alexander Wennberg wins face-off versus Brandon Hagel in neutral zone.
13:39 of 3rd period - Icing by Brandon Hagel.
13:40 of 3rd period - Jack Eichel wins face-off versus Morgan Geekie in St.Louis Blues zone.
13:49 of 3rd period - Snap shot by Jack Eichel.
13:49 of 3rd period - Shot Misses the Net.
13:51 of 3rd period - Snap shot by Brandon Hagel.
13:51 of 3rd period - Deflect By Alex Tuch.
13:51 of 3rd period - Deflect By Morgan Geekie.
13:51 of 3rd period - Shot Misses the Net.
13:51 of 3rd period - Puck is out of play.
13:52 of 3rd period - Vincent Trocheck wins face-off versus Kevin Fiala in San Jose Sharks zone.
14:01 of 3rd period - Snap shot by Vincent Trocheck.
14:01 of 3rd period - Stopped by Jakub Dobes with a rebound.
14:03 of 3rd period - Slapshot by Jaccob Slavin.
14:03 of 3rd period - Shot Misses the Net.
14:31 of 3rd period - Wrist shot by Isac Lundestrom.
14:31 of 3rd period - Stopped by Jakub Dobes without a rebound.
14:32 of 3rd period - Jack Eichel wins face-off versus Travis Boyd in San Jose Sharks zone.
14:37 of 3rd period - Snap shot by Jack Eichel.
14:37 of 3rd period - Stopped by Jakub Dobes with a rebound.
14:45 of 3rd period - Snap shot by Brandon Hagel.
14:45 of 3rd period - Shot Blocked by Josh Manson.
15:20 of 3rd period - Snap shot by Isac Lundestrom.
15:20 of 3rd period - Stopped by Jakub Dobes without a rebound.
15:21 of 3rd period - Isac Lundestrom wins face-off versus Casey Cizikas in San Jose Sharks zone.
15:22 of 3rd period - Slapshot by Jake Sanderson.
15:22 of 3rd period - Stopped by Jakub Dobes without a rebound.
15:23 of 3rd period - Isac Lundestrom wins face-off versus Brandon Tanev in San Jose Sharks zone.
15:32 of 3rd period - Wrist shot by Brandon Tanev.
15:32 of 3rd period - Deflect By Mark Jankowski.
15:32 of 3rd period - Shot Misses the Net.
15:32 of 3rd period - Puck is out of play.
15:33 of 3rd period - Morgan Geekie wins face-off versus Vincent Trocheck in St.Louis Blues zone.
16:03 of 3rd period - Wrist shot by Casey Cizikas.
16:03 of 3rd period - Shot Blocked by Jaccob Slavin.
16:05 of 3rd period - Snap shot by Casey Cizikas.
16:05 of 3rd period - San Jose Sharks goal is going for a video replay.
16:05 of 3rd period - The goal is refused. The attacking player has interfered with a goalkeeper in his goal crease..
16:06 of 3rd period - Casey Cizikas wins face-off versus Mark Stone in St.Louis Blues zone.
16:07 of 3rd period - Snap shot by Brandon Tanev.
16:07 of 3rd period - Shot Misses the Net.
16:29 of 3rd period - Mark Jankowski is hit by Vincent Trocheck and loses puck.
17:25 of 3rd period - Snap shot by Mark Jankowski.
17:25 of 3rd period - Shot Misses the Net.
17:33 of 3rd period - Snap shot by Brandon Tanev.
17:33 of 3rd period - Stopped by Connor Hellebuyck without a rebound.
17:34 of 3rd period - Morgan Geekie wins face-off versus Robert Thomas in St.Louis Blues zone.
17:35 of 3rd period - Wrist shot by Ilya Mikheyev.
17:35 of 3rd period - Shot Misses the Net.
17:37 of 3rd period - Wrist shot by Morgan Geekie.
17:37 of 3rd period - Stopped by Connor Hellebuyck without a rebound.
17:38 of 3rd period - Robert Thomas wins face-off versus Morgan Geekie in St.Louis Blues zone.
19:01 of 3rd period - Carter Verhaeghe is hit by Connor Clifton and loses puck.
19:04 of 3rd period - St.Louis Blues, Connor Hellebuyck is pulled from the net.
19:39 of 3rd period - Minor Penalty to Carter Verhaeghe for Slashing.
19:40 of 3rd period - Alexander Wennberg wins face-off versus Vincent Trocheck in San Jose Sharks zone.
Goals for this period are 0 for San Jose Sharks vs 2 for St.Louis Blues.
Shots for this period are 13 for San Jose Sharks vs 20 for St.Louis Blues.
Back to the Top